 Dungeon Crawl Stone Soup version 0.30-a0-956-gcec3b41aec (webtiles) character file.

Game seed: 1591737122154192325

4741 lunkers the Basher (level 11, -7/93 HPs)
             Began as a Meteoran Fighter on Mar 29, 2023.
             Was a Believer of Ashenzari.
             Mangled by an orc warlord
             ... wielding a +6 broad axe
              (20 damage)
             ... in a bailey.
             The game lasted 00:12:05 (3862 turns).

lunkers the Basher (Meteoran Fighter)               Turns: 3862, Time: 00:12:05

Health: -7/93      AC: 15    Str: 23    XL:     11   Next: 3%
Magic:  12/12      EV: 11    Int:  9    God:    Ashenzari [**....]
Gold:   396        SH:  0    Dex: 20    Spells: 10/10 levels left

rFire   . . .      SeeInvis +    a - +3 demon whip (vamp)
rCold   . . .      Faith    .    r - orb {light}
rNeg    . . .      Spirit   .    q - +0 plate armour "Elysian Activism" {Elem, Alch} (curse)
rPois   .          Reflect  .    (no helmet)
rElec   .          Rampage  .    (no cloak)
rCorr   .                        (no gloves)
Will    +....                    s - +0 pair of boots of the Cursed Ether {Alch, Range} (curse) Stlth
                                 (no amulet)
HPRegen 0.35/turn                w - ring of the Cursed Black Moon {Slay+4, Elem, Evo} (curse)
MPRegen 0.13/turn                y - ring of the Wild Blue Yonder {Dex+6, Evo, Melee} (curse)

@: glowing
A: sense surroundings 2, otherworldly, glowing, explore regen
a: Renounce Religion, Shatter the Chains


You were in a bailey.
You worshipped Ashenzari.
Ashenzari was pleased with you.
You visited 2 branches of the dungeon, and saw 9 of its levels.
You also visited: Ossuary and Bailey.

You collected 396 gold pieces.

Inventory:

Hand Weapons
 a - a +3 vampiric demon whip (weapon)
 b - a +1 morningstar
 l - the +7 Throatcutter {drain, coup de grace}
   (You found it on level 5 of the Dungeon)
Armour
 c - a +0 buckler
 p - +0 steam dragon scales
 q - the cursed +0 plate armour "Elysian Activism" (worn) {Elem, Alch}
   (You found it on level 6 of the Dungeon)

   It has a curse which improves the following skills: Elements: Fire Magic, Ice
   Magic, Air Magic and Earth Magic.
   Alchemy:   Poison Magic and Transmutations.
 r - an orb of light (worn)
 s - the cursed +0 pair of boots of the Cursed Ether (worn) {Alch, Range}
   (You found it on level 3 of the Dungeon)

   It has a curse which improves the following skills: Alchemy: Poison Magic and
   Transmutations.
   Ranged Combat: Ranged Weapons and Throwing.
Jewellery
 w - the cursed ring of the Cursed Black Moon (left hand) {Slay+4, Elem, Evo}
   (You found it on level 4 of the Dungeon)

   [ring of slaying]

   Slay:      It affects your accuracy & damage with ranged weapons and melee
   (+4).
   It has a curse which improves the following skills: Elements: Fire Magic, Ice
   Magic, Air Magic and Earth Magic.
   Evocations: Evocations.
 y - the cursed ring of the Wild Blue Yonder (right hand) {Dex+6, Evo, Melee}
   (You found it on level 7 of the Dungeon)

   [ring of dexterity]

   Dex:       It affects your dexterity (+6).
   It has a curse which improves the following skills: Evocations: Evocations.
   Melee Combat: Short Blades, Long Blades, Axes, Maces & Flails, Polearms,
   Staves and Unarmed Combat.
Wands
 m - a wand of acid (13)
Scrolls
 h - a scroll of poison
 n - a scroll of enchant armour
 o - a scroll of fear
 v - 2 scrolls of magic mapping
 A - 2 scrolls of brand weapon
 B - a scroll of amnesia
Potions
 d - 2 potions of might
 e - a potion of lignification
 f - 7 potions of curing
 g - a potion of cancellation
 i - 2 potions of attraction
 j - a potion of resistance
 k - 6 potions of haste
 t - 5 potions of heal wounds
 u - 2 potions of flight
 z - a potion of mutation


   Skills:
 + Level 7.7 Fighting
 - Level 12.0(13.0) Maces & Flails
 + Level 8.4 Armour
 + Level 7.4 Dodging
 - Level 3.6 Shields
 - Level 5.8(7.5) Evocations


You had 10 spell levels left.
You didn't know any spells.
Your spell library contained the following spells:

 Spells                   Type           Power      Damage    Failure   Level
 Ensorcelled Hibernation  Hex/Ice        0%         N/A       100%        2
 Passwall                 Tmut/Erth      0%         N/A       100%        2
 Swiftness                Air            0%         N/A       100%        3


Dungeon Overview and Level Annotations

Branches:
Dungeon (8/15) Zot: 1401   Temple (1/1) D:5 Zot: 485 Ossuary (visited)
 Bailey (1/1) Zot: 469
   Lair: D:8-11

Altars:
Ashenzari
Cheibriados
Dithmenos
Elyvilon
Fedhas
Gozag
Hepliaklqana
Kikubaaqudgha
Makhleb
Nemelex Xobeh
Qazlal
Ru
Sif Muna
Trog
Vehumet
Wu Jian
Xom
Yredelemnul
Zin
The Shining One

Shops:
D:3 (   D:6 ::


Innate Abilities, Weirdness & Mutations

You passively map the area around you.
You are easily found by Zot.
You glow in the dark.
You regain HP and MP as you explore.


Message History

You hit the orc warlord but do no damage.
The orc warlord is moderately wounded.
You completely miss the orc warlord.
The orc warlord is moderately wounded.
The orc warlord hits you with a +6 broad axe.
You hit the orc warlord.
You feel better.
The orc warlord is moderately wounded.
You whack the orc warlord!
You feel better.
The orc warlord is moderately wounded.
The orc warlord hits you with a +6 broad axe!!
You hit the orc warlord.
The orc warlord is moderately wounded.
The gnoll hits you with a +0 hand axe.
You whack the orc warlord!
The orc warlord is heavily wounded.
The orc warlord hits you with a +6 broad axe!
You hit the orc warlord but do no damage.
The orc warlord is heavily wounded.
The gnoll hits you but does no damage.
You hit the orc warlord but do no damage.
The orc warlord is heavily wounded.
The orc warlord hits you with a +6 broad axe!
* * * LOW HITPOINT WARNING * * *
You hit the orc warlord.
You feel better.
The orc warlord is heavily wounded.
The gnoll hits you but does no damage.
You hit the orc warlord.
The orc warlord is heavily wounded.
The orc warlord hits you with a +6 broad axe!!
* * * LOW HITPOINT WARNING * * *
Okay, then.
Aiming: Corrosive Bolt
Press: ? - help, Shift-Dir - straight line, f - orc warlord
Aim: an orc warlord, wielding a +6 broad axe and wearing a +0 chain mail (heavily wounded, haloed, 87% to hit)
The bolt of acid hits the orc warlord!
The orc warlord is severely wounded.
The hobgoblin shouts!
The gnoll hits you but does no damage.
The orc warlord hits you with a +6 broad axe!!
You die...

♣...~~~.# ,, , #.~~~.
∩...~~~.#~....∩.g..~#.~~~.
♣...~~~.#~.........~#.~~~.
♣...~~~.# ~.8...8.~~#.)~~.
*,{###(###.......###)###.
* ##...(#~.8...8.~#..).##
##.....#~~~~~~~~~#.....#
##......####~~~####......
#...8...@o.#'''#......8..
#........g...............
#!.......)...............
##..8..8.).........8..8..
##......)#######.......#
##.....## ##..(..##
##...## ##...## #####
#####


You could see an orc warlord, a gnoll and a hobgoblin.

Vanquished Creatures
  A two-headed ogre (D:8)
  A centaur warrior (D:8)
  An orc knight (Bailey)
  Menkaure (D:5)
  A steam dragon (D:6)
  2 water moccasins
  5 orc warriors
  An ice beast (D:8)
  2 black bears
  2 sky beasts
  An ogre (D:6)
  A phantom (D:5)
  4 elf zombies (Ossuary)
  A gnoll sergeant (D:8)
  A howler monkey (D:8)
  3 centaur zombies (Ossuary)
  4 orc priests
  3 hounds
  4 jellies
  5 human zombies (Ossuary)
  5 iguanas
  Jessica (D:2)
  A sleepcap (D:4)
  5 orc wizards
  3 mummies (Ossuary)
  12 gnolls
  7 adders
  A shadow imp (D:8)
  3 worms
  A dart slug (D:2)
  23 orcs
  6 ball pythons
  5 endoplasms
  5 giant cockroaches
  10 goblins
  7 hobgoblins
  14 kobolds
  3 quokkas
  6 bats
  5 frilled lizards
  6 rats
173 creatures vanquished.

Notes
Turn   | Place    | Note
-------+----------+-------------------------------------------
     0 | D:1      | lunkers the Meteoran Fighter began the quest for the Orb.
     0 | D:1      | Reached XP level 1. HP: 19/19 MP: 2/2
    38 | D:1      | Reached skill level 3 in Maces & Flails
    56 | D:1      | Reached XP level 2. HP: 25/26 MP: 3/3
   155 | D:1      | Reached skill level 4 in Maces & Flails
   208 | D:2      | Reached XP level 3. HP: 20/31 MP: 4/4
   291 | D:2      | Noticed Jessica
   296 | D:2      | Killed Jessica
   297 | D:2      | Reached skill level 5 in Maces & Flails
   297 | D:2      | Reached XP level 4. HP: 35/38 MP: 5/5
   348 | D:2      | Reached skill level 6 in Maces & Flails
   348 | D:2      | Reached XP level 5. HP: 7/45 MP: 6/6
   602 | D:3      | Noticed a black bear
   602 | D:3      | Found an ornate altar of the Wu Jian Council.
   699 | D:3      | Found a shimmering altar of Xom.
   752 | D:3      | Reached skill level 7 in Maces & Flails
   941 | D:3      | Found a broken altar of Ashenzari.
   951 | D:3      | Became a worshipper of Ashenzari the Shackled
  1036 | D:3      | Found Sionaw's Weapon Shoppe.
  1067 | D:3      | Killed a black bear
  1068 | D:3      | Reached skill level 8 in Maces & Flails
  1068 | D:3      | Reached XP level 6. HP: 30/51 MP: 7/7
  1356 | D:4      | Reached XP level 7. HP: 55/57 MP: 8/8
  1362 | D:4      | Reached skill level 9 in Maces & Flails
  1714 | D:5      | Entered Level 5 of the Dungeon
  1725 | D:5      | Reached skill level 10 in Maces & Flails
  1774 | D:5      | Noticed Menkaure
  1780 | D:5      | Killed Menkaure
  1781 | D:5      | Reached XP level 8. HP: 39/63 MP: 9/9
  1872 | D:5      | Reached skill level 11 in Maces & Flails
  1918 | D:5      | Found a glowing golden altar of the Shining One.
  1932 | D:5      | Found a staircase to the Ecumenical Temple.
  1991 | Temple   | Entered the Ecumenical Temple
  2001 | Temple   | Identified a scroll of acquirement
  2001 | Temple   | Acquired a +2 vampiric demon whip
  2208 | D:5      | Found the +7 Throatcutter {drain, coup de grace}
  2364 | D:6      | Noticed a steam dragon
  2371 | D:6      | Killed a steam dragon
  2372 | D:6      | Reached skill level 1 in Dodging
  2372 | D:6      | Reached skill level 1 in Evocations
  2472 | D:6      | Found a radiant altar of Vehumet.
  2506 | D:6      | Found Iffohit's Self-Improvement Boutique.
  2541 | D:6      | Gained mutation: You passively map the area around you.
                  | [Meteoran growth]
  2541 | D:6      | Reached XP level 9. HP: 71/71 MP: 10/10
  2660 | D:6      | Reached skill level 12 in Maces & Flails
  2668 | D:6      | Found Peudgh Dilegg's Book Shoppe.
  2718 | D:6      | Reached * piety under Ashenzari
  2768 | D:7      | Reached skill level 5 in Armour
  3014 | D:7      | Reached ** piety under Ashenzari
  3130 | D:7      | Reached skill level 5 in Fighting
  3210 | D:7      | Found a shimmering blue altar of Sif Muna.
  3213 | D:7      | Found an opulent altar of Gozag.
  3213 | D:7      | Found a burning altar of Makhleb.
  3260 | D:8      | Noticed a two-headed ogre
  3284 | D:8      | Killed a two-headed ogre
  3285 | D:8      | Reached XP level 10. HP: 45/83 MP: 11/11
  3288 | D:8      | Reached skill level 5 in Dodging
  3288 | D:8      | Reached skill level 5 in Evocations
  3303 | D:8      | Noticed a centaur warrior
  3313 | D:8      | Killed a centaur warrior
  3426 | D:8      | Found a sand-covered staircase.
  3435 | Ossuary  | Entered an ossuary
  3679 | D:8      | Found a flagged portal.
  3707 | Bailey   | Entered a bailey
  3712 | Bailey   | Noticed an orc warlord
  3740 | Bailey   | Noticed an orc knight
  3770 | Bailey   | Killed an orc knight
  3771 | Bailey   | Reached XP level 11. HP: 72/93 MP: 12/12
  3784 | Bailey   | Found a runed translucent gate.
  3790 | Bailey   | Found a runed translucent gate.
  3792 | Bailey   | Found a runed translucent gate.
  3862 | Bailey   | Mangled by an orc warlord

Illustrated notes

Levels and vault maps discovered:
D:1:      dpeg_arrival_rhombus, layout_basic
D:2:      layout_basic, uniq_jessica
D:3:      layout_loops_cross, mainiacjoe_overflow_chevrons,
          mainiacjoe_overflow_paths, mainiacjoe_overflow_tiny_flanked,
          serial_shops, nicolae_shop_bloodbath_and_beyond,
          minmay_fractal_squares_diagonal_5
D:4:      minmay_skewed_foursquare, layout_basic, kennysheep_generic_room_4
D:5:      cheibrodos_quashed, layout_loops_ring, lemuel_round_altar,
          minmay_temple_entry_mini_moons, corexii_item_surrounded_by_moat,
          uniq_duvessa, uniq_menkaure
D:6:      layout_basic, nicolae_vehumet_altar_sigil, serial_shops,
          kennysheep_little_box, nicolae_shop_self_help
D:7:      layout_basic, minmay_overflow_temple_star_hex
D:8:      layout_loops_cross, chequers_ossuary_entry_cave,
          gammafunk_ghost_grave, enter_bailey_5, small_chamber_with_monster,
          minivault_24, grunt_ministairs_2
Temple:   nicolae_temple_godzebo
Bailey:   bailey_axe_bossmonster_kennysheep, bailey

Skill      XL: |  1  2  3  4  5  6  7  8  9 10 |
---------------+-------------------------------+-----
Maces & Flails | 3 4 5 6 8 10 11 12 | 12.0
Armour         | 4 6 8 |  8.4
Dodging        | 2 4 7 |  7.4
Evocations     | 2 4 5 |  5.8
Fighting       | 4 5 7 |  7.7
Shields        | |  3.6

Action                     |  1- 3 |  4- 6 |  7- 9 | 10-12 || total
---------------------------+-------+-------+-------+-------++-------
  Melee: Flail             |    90 |   110 |    72 |       ||   272
         Demon whip        |       |       |    73 |   179 ||   252
         Morningstar       |       |       |    14 |       ||    14
 Invoke: Curse Item        |       |       |     3 |     1 ||     4
  Evoke: Wand              |       |       |       |     1 ||     1
    Use: Scroll            |       |       |    12 |       ||    12
         Potion            |       |       |       |     2 ||     2
 Armour: Scale mail        |    50 |    38 |    24 |       ||   112
         Steam dragon scal |       |       |     1 |       ||     1
         Plate armour      |       |       |    18 |    77 ||    95
  Dodge: Dodged            |    38 |    52 |    53 |    53 ||   196
  Block: Buckler           |    29 |    10 |       |       ||    39

Table legend: (Time is in decaauts)
 A = Elapsed time spent in this place.
 B = Non-inter-level travel time spent in this place.
 C = Inter-level travel time spent in this place.
 D = Time resting spent in this place.
 E = Time spent auto-exploring this place.
 F = Levels seen in this place.
 G = Mean time per level.
                   A        B        C        D        E       F      G
               +--------+--------+--------+--------+--------+-----+--------+
         Total |   3757 |   3524 |    233 |      0 |   2237 |  11 |  341.5 |
       Dungeon |   3398 |   3165 |    233 |      0 |   2084 |   8 |  424.8 |
        Temple |    114 |    114 |      0 |      0 |     94 |   1 |  114.0 |
       Ossuary |    114 |    114 |      0 |      0 |     55 |   1 |  114.0 |
        Bailey |    129 |    129 |      0 |      0 |      4 |   1 |  129.0 |
               +--------+--------+--------+--------+--------+-----+--------+

Top non-repeatable levels by time:
     D:4: 614 daAuts
     D:7: 511 daAuts
     D:2: 501 daAuts
     D:5: 463 daAuts
     D:3: 423 daAuts
     D:6: 419 daAuts
     D:8: 263 daAuts
     D:1: 202 daAuts
  Bailey: 129 daAuts
 Ossuary: 114 daAuts
  Temple: 114 daAuts
